 Dungeon Crawl Stone Soup version 0.26-a0-451-gacbe401039 (webtiles) character file.

Game seed: 2373922147423096508

194 ReteAZ the Covert (level 6, 0/35 HPs)
             Began as a Kobold Brigand on July 28, 2020.
             Slain by an iguana (12 damage)
             ... on level 4 of the Dungeon.
             The game lasted 00:04:11 (2864 turns).

ReteAZ the Covert (Kobold Brigand)                  Turns: 2864, Time: 00:04:12

Health: 0/35       AC:  3    Str: 10    XL:     6   Next: 3%
Magic:  6/6        EV: 16    Int: 12    God:
Gold:   190        SH:  0    Dex: 17    Spells: 5/5 levels left

rFire    . . .     SeeInvis .   a - +2 dagger
rCold    . . .     Faith    .   (shield restricted)
rNeg     . . .     Spirit   .   b - +0 robe
rPois    .         Reflect  .   (no helmet)
rElec    .         Harm     .   c - +0 cloak
rCorr    .                      (no gloves)
MR       .....                  (no boots)
Stlth    ++++++....             (no amulet)
HPRegen  0.11/turn              k - ring of stealth
MPRegen  0.10/turn              (no ring)

@: no status effects
A: small, nightstalker 3
a: no special abilities


You were on level 4 of the Dungeon.
You visited 1 branch of the dungeon, and saw 4 of its levels.

You collected 190 gold pieces.

Inventory:

Hand Weapons
 a - a +2 dagger (weapon)
Missiles
 d - 16 poisoned darts (quivered)
 e - 2 curare-tipped darts
 g - a throwing net
Armour
 b - a +0 robe (worn)
 c - a +0 cloak (worn)
 s - a +3 ring mail
Jewellery
 k - a ring of stealth (left hand)
 m - a cursed -4 ring of evasion {unknown}
 o - an uncursed ring of resist corrosion {unknown}
 r - an uncursed ring of see invisible {unknown}
Wands
 p - a wand of polymorph (7)
 q - a wand of paralysis (8)
Scrolls
 f - 4 scrolls of blinking {unknown}
 j - 3 scrolls of teleportation {unknown}
 n - 2 scrolls of magic mapping {unknown}
Potions
 h - 2 potions of heal wounds
 i - 2 potions of curing
 l - a potion of flight {unknown}


   Skills:
 - Level 2.1 Fighting
 - Level 2.6 Short Blades
 - Level 2.1 Throwing
 + Level 3.7 Dodging
 * Level 8.4 Stealth


You had 5 spell levels left.
You didn't know any spells.
Your spell library was empty.

Dungeon Overview and Level Annotations

Branches:
Dungeon (4/15)
 Temple: D:4-7

Altars:
Fedhas
Okawaru


Innate Abilities, Weirdness & Mutations

You are small and have problems with some larger weapons.
You are completely attuned to the shadows.


Message History

You closely miss the iguana.
The iguana is heavily wounded.
The iguana closely misses you.
You see here 2 poisoned darts.
There is a stone staircase leading up here.
Throwing (i - inventory. (/) - cycle)
d - 18 poisoned darts (quivered)
Press: ? - help, Shift-Dir - straight line, f/p - iguana
Aim: an iguana (heavily wounded)
You throw a poisoned dart. The poisoned dart hits the iguana.
The iguana is poisoned.
The iguana is heavily wounded.
The iguana barely misses you.
Throwing (i - inventory. (/) - cycle)
d - 17 poisoned darts (quivered)
Press: ? - help, Shift-Dir - straight line, f/p - iguana
Aim: an iguana (heavily wounded, poisoned)
You throw a poisoned dart.
The poisoned dart closely misses the iguana.
The iguana hisses menacingly.
The iguana bites you!
You die...

.....#.#.#...#
.............####
#.#.#.###.......
#(#.###..#####
#......(.# ###.###.####
...# #.....
#######l.### ###
#.@...# #.# #####.....#
####.# (..........
.....#
..........#######.###
#....######.........#
........))..).......#
#.##.######.#######.###
.....# #.###........
..##.# #.#.....#.###


You could see an iguana (poisoned).

Vanquished Creatures
  A scorpion (D:3)
  An orc wizard (D:4)
  5 adders
  2 oozes (D:1)
  2 worms
  A dart slug (D:1)
  3 orcs
  A ball python (D:1)
  9 bats
  5 giant cockroaches
  4 goblins
  3 hobgoblins
  A quokka (D:2)
  3 frilled lizards
  7 kobolds
  6 rats
54 creatures vanquished.

Notes
Turn   | Place    | Note
-------+----------+-------------------------------------------
     0 | D:1      | ReteAZ the Kobold Brigand began the quest for the Orb.
     0 | D:1      | Reached XP level 1. HP: 12/12 MP: 1/1
   184 | D:1      | Reached XP level 2. HP: 15/17 MP: 2/2
   318 | D:1      | Reached skill level 6 in Stealth
   441 | D:1      | Reached XP level 3. HP: 21/21 MP: 3/3
  1157 | D:2      | Reached XP level 4. HP: 26/26 MP: 4/4
  1450 | D:2      | Reached skill level 7 in Stealth
  1881 | D:2      | You fall into a shaft and drop 1 floor!
  1907 | D:2      | Found an iron altar of Okawaru.
  2181 | D:3      | Reached XP level 5. HP: 30/30 MP: 5/5
  2327 | D:3      | Reached skill level 8 in Stealth
  2474 | D:3      | Found a blossoming altar of Fedhas.
  2683 | D:4      | Reached XP level 6. HP: 21/35 MP: 6/6
  2864 | D:4      | Slain by an iguana

Illustrated notes

Levels and vault maps discovered:
D:1:      mrwooster_arrival_statue, layout_rooms
D:2:      layout_basic, nicolae_overflow_crystal_walls, chequers_avenue
D:3:      layout_rooms, lemuel_crystal_altar
D:4:      layout_basic

Skill      XL: |  1  2  3  4  5 |
---------------+----------------+-----
Stealth        | 6 7 8 |  8.4
Dodging        | 2 3 |  3.7
Fighting       | |  2.1
Short Blades   | |  2.6
Throwing       | |  2.1

Action                   |  1- 3 |  4- 6 || total
-------------------------+-------+-------++-------
Melee: Dagger            |    51 |    84 ||   135
Throw: Dart              |    16 |    18 ||    34
  Use: Potion            |     2 |       ||     2
 Stab: Sleeping          |    17 |    16 ||    33
Armor: Robe              |     7 |    11 ||    18
Dodge: Dodged            |    19 |    54 ||    73

Table legend: (Time is in decaauts)
 A = Elapsed time spent in this place.
 B = Non-inter-level travel time spent in this place.
 C = Inter-level travel time spent in this place.
 D = Time resting spent in this place.
 E = Time spent auto-exploring this place.
 F = Levels seen in this place.
 G = Mean time per level.
                   A        B        C        D        E       F      G
               +--------+--------+--------+--------+--------+-----+--------+
         Total |   2845 |   2678 |    167 |    317 |   1906 |   4 |  711.2 |
       Dungeon |   2845 |   2678 |    167 |    317 |   1906 |   4 |  711.2 |
               +--------+--------+--------+--------+--------+-----+--------+

Top non-repeatable levels by time:
     D:2: 1387 daAuts
     D:1: 780 daAuts
     D:3: 399 daAuts
     D:4: 277 daAuts
